 Dungeon Crawl Stone Soup version 0.22-a0-348-gd16d1391c7 (webtiles) character file.

96 Dargar the Skirmisher (level 4, -1/40 HPs)
             Began as a Draconian Monk on Apr 11, 2018.
             Slain by a phantom (8 damage)
             ... on level 2 of the Dungeon.
             The game lasted 00:02:11 (1418 turns).

Dargar the Skirmisher (Draconian Monk)              Turns: 1418, Time: 00:02:12

Health: -1/40      AC:  5    Str: 13    XL:     4   Next: 41%
Magic:  4/4        EV: 13    Int: 11    God:
Gold:   73         SH:  0    Dex: 14    Spells: 3/3 levels left

rFire    . . .     SeeInvis .   a - +0 spear
rCold    . . .     Gourm    .   (no shield)
rNeg     . . .     Faith    .   (armour unavailable)
rPois    .         Spirit   .   (helmet restricted)
rElec    .         Reflect  .   (no cloak)
rCorr    .         Harm     .   (no gloves)
MR       .....                  (no boots)
Stlth    ++........             (no amulet)
HPRegen  0.13/turn              (no ring)
MPRegen  0.09/turn              (no ring)

@: no status effects
A: unfitting armour, cold-blooded, AC +5
a: no special abilities


You were on level 2 of the Dungeon.
You were not hungry.

You visited 1 branch of the dungeon, and saw 3 of its levels.

You collected 73 gold pieces.

Inventory:

Hand Weapons
 a - a +0 spear (weapon)
Scrolls
 c - a scroll of identify
 i - a scroll of magic mapping
Potions
 e - 4 potions of curing
Comestibles
 b - 2 rations


   Skills:
 + Level 3.9 Fighting
 + Level 3.9 Polearms
 + Level 3.3 Dodging
 + Level 2.6 Stealth


You had 3 spell levels left.
You didn't know any spells.

Dungeon Overview and Level Annotations

Branches:
Dungeon (3/15)

Altars:


Innate Abilities, Weirdness & Mutations

Your plain brown scales are hard. (AC +5)
You cannot fit into any form of body armour.
You are cold-blooded and may be slowed by cold attacks.


Message History

You are too injured to fight recklessly!
You are too injured to fight recklessly!
You are too injured to fight recklessly!
You are too injured to fight recklessly!
You are too injured to fight recklessly!
You are too injured to fight recklessly!
You are too injured to fight recklessly!
You hit the phantom but do no damage.
The phantom is heavily damaged.
The phantom completely misses you.
You hit the phantom. You tail-slap the phantom.
The phantom is heavily damaged.
You barely miss the phantom.
Your tail-slap misses the phantom.
The phantom is heavily damaged.
The phantom hits you!
* * * LOW HITPOINT WARNING * * *
You closely miss the phantom.
The phantom is heavily damaged.
The phantom hits you!
You die...

.♣≈≈#............................
.≈≈#####..#......................
.≈##.# #....##.#......##.#..###..
+##..###....##.####+####.#..###..
...............# #.# #.#.......
.....###....##.####.# #.#..###..
................>##.####.#..#....
.#...........#...................
.#....#......#..@...####.........
.#....#......##.W...# #.........
.#.)..#.............####....#.#.#
.(....#.................<......<.
.##...#.....###.....###..........
.)...............................
###......#..#...###.###.#...#.#.#
###...##.#..........# #.#.....#.#
....#.##.#......#######.#.)####.#


You could see a phantom.

Vanquished Creatures
  A crimson imp (D:2)
  Jessica (D:2)
  2 worms (D:2)
  2 dart slugs
  5 bats
  A goblin (D:2)
  6 hobgoblins
  3 frilled lizards
  3 kobolds
  8 rats
32 creatures vanquished.

Notes
Turn   | Place    | Note
-------+----------+-------------------------------------------
     0 | D:1      | Dargar the Draconian Monk began the quest for the Orb.
     0 | D:1      | Reached XP level 1. HP: 19/19 MP: 1/1
   245 | D:1      | Reached XP level 2. HP: 26/26 MP: 2/2
   680 | D:2      | Reached XP level 3. HP: 28/33 MP: 3/3
   861 | D:2      | Reached XP level 4. HP: 37/40 MP: 4/4
  1139 | D:2      | Noticed Jessica
  1151 | D:2      | Killed Jessica
  1401 | D:3      | Noticed a phantom
  1418 | D:2      | Slain by a phantom

Vault maps used:
D:1:      wheals_arrival_linesprint
D:2:      kennysheep_generic_room_3, uniq_jessica
D:3:      minmay_checkerbox, uniq_sigmund, uniq_robin

Skill      XL: |  1  2 |
---------------+-------+-----
Dodging        | 3 |  3.3
Stealth        | 2 |  2.6
Fighting       | |  3.9
Polearms       | |  3.9

Action                   |  1- 3 |  4- 6 || total
-------------------------+-------+-------++-------
Melee: Spear             |   100 |    23 ||   123
       Tailslap          |    12 |     1 ||    13
  Use: Scroll            |       |     5 ||     5
 Stab: Sleeping          |     7 |     4 ||    11
  Eat: Chunk             |       |     2 ||     2
Armor: Skin              |    13 |       ||    13
Dodge: Dodged            |    36 |     6 ||    42

Table legend:
 A = Spawn XP
 B = Non-spawn XP
 C = Spawn XP percentage of total XP
 D = Spawn monster count
 E = Non-spawn monster count
 F = Spawn count percentage of total count
 G = Total turns spent on level
                    A         B        C        D         E        F      G
               +---------+---------+-------+---------+---------+-------+---------
         Total |       0 |     138 |   0.0 |       0 |      32 |   0.0 |  1418
               +---------+---------+-------+---------+---------+-------+---------
           D:1 |       0 |      25 |   0.0 |       0 |      15 |   0.0 |   546
           D:2 |       0 |     113 |   0.0 |       0 |      17 |   0.0 |   868
               +---------+---------+-------+---------+---------+-------+---------
